 Dungeon Crawl Stone Soup version 0.23.2-30-g0e89c35649 (webtiles) character file.

Game seed: 10881917100108700571

132 Hivemind the Chopper (level 4, -2/39 HPs)
             Began as a Minotaur Berserker on June 10, 2019.
             Was a Believer of Trog.
             Slain by a gnoll
             ... wielding a +0 club
              (5 damage)
             ... on level 2 of the Dungeon.
             The game lasted 00:03:39 (1897 turns).

Hivemind the Chopper (Minotaur Berserker)           Turns: 1897, Time: 00:03:39

Health: -2/39      AC:  3    Str: 23    XL:     4   Next: 92%
Magic:  3/3        EV: 12    Int:  4    God:    Trog [**....]
Gold:   78         SH:  0    Dex:  9    Spells: 3/3 levels left

rFire    . . .     SeeInvis .   a - +0 hand axe
rCold    . . .     Gourm    +   (no shield)
rNeg     . . .     Faith    .   b - +0 animal skin
rPois    .         Spirit   .   (helmet restricted)
rElec    .         Reflect  .   (no cloak)
rCorr    .         Harm     .   j - +0 pair of gloves
MR       .....                  (no boots)
Stlth    +.........             h - amulet of the gourmand
HPRegen  0.13/turn              (no ring)
MPRegen  0.08/turn              (no ring)

@: berserk cooldown, slowed, very slow
A: retaliatory headbutt, horns 2
a: Berserk, Trog's Hand, Renounce Religion


You were on level 2 of the Dungeon.
You worshipped Trog.
Trog was pleased with you.
You were very hungry.

You visited 1 branch of the dungeon, and saw 2 of its levels.

You collected 78 gold pieces.

Inventory:

Hand Weapons
 a - a +0 hand axe (weapon)
Missiles
 e - 126 stones (quivered)
Armour
 b - a +0 animal skin (worn)
 j - a +0 pair of gloves (worn)
Jewellery
 h - an amulet of the gourmand (around neck)
Scrolls
 d - 3 scrolls of teleportation {unknown}
 g - 2 scrolls of immolation {unknown}
 i - a scroll of magic mapping {unknown}
 k - a scroll of identify {unknown}
 l - a scroll of remove curse {unknown}
 m - a scroll of enchant weapon {unknown}
Potions
 f - a potion of invisibility {unknown}
Comestibles
 c - a ration


   Skills:
 - Level 3.6 Fighting
 + Level 6.9 Axes
 - Level 2.4 Armour
 - Level 2.1 Dodging


You had 3 spell levels left.
You didn't know any spells.
Your spell library was empty.

Dungeon Overview and Level Annotations

Branches:
Dungeon (2/15)

Altars:
Cheibriados


Innate Abilities, Weirdness & Mutations

You reflexively headbutt those who attack you in melee.
You have a pair of horns on your head.


Message History

You feel a strong urge to attack something.
The gnoll shouts!
Things that are here:
a +0 whip; a +0 halberd You are no longer berserk.
You are exhausted.
You feel yourself slow down.
Things that are here:
a +0 whip; a +0 halberd You hit the gnoll.
You headbutt the gnoll.
The gnoll is severely wounded.
The gnoll hits you with a +0 club.
* * * LOW HITPOINT WARNING * * *
You hit the gnoll. You headbutt the gnoll.
The gnoll is almost dead.
The gnoll closely misses you. The gnoll hits you but does no damage.
You hit the gnoll but do no damage.
The gnoll is almost dead.
The gnoll hits you with a +0 club.
You die...

.. ## ##### ...
#.###...##.....
#.#)##.##.##.##
## #..##.##......
.
##g@...........#
####.#...>.##.###
#########
#.#...#......#..
#.......#
#.#...#.....[...
#.#####.#####
#......†##.#.##.
............#
###............
.....##.###.#
#.#........###
..#.###.# #.#
#.....#######.
..#.###.# #.###
#####.# #.


You could see a gnoll.

Vanquished Creatures
  3 gnolls (D:2)
  4 adders (D:2)
  An ooze (D:1)
  3 worms (D:2)
  4 dart slugs
  4 giant cockroaches
  3 goblins
  6 hobgoblins
  7 kobolds
  5 bats
  4 frilled lizards
  6 rats
50 creatures vanquished.

Notes
Turn   | Place    | Note
-------+----------+-------------------------------------------
     0 | D:1      | Hivemind the Minotaur Berserker began the quest for the
                  | Orb.
     0 | D:1      | Reached XP level 1. HP: 19/19 MP: 0/0
    27 | D:1      | Reached skill level 4 in Axes
    94 | D:1      | Reached XP level 2. HP: 26/26 MP: 1/1
   477 | D:1      | Reached skill level 5 in Axes
   554 | D:1      | Reached XP level 3. HP: 31/31 MP: 2/2
   659 | D:1      | Reached ** piety under Trog
  1252 | D:2      | Reached XP level 4. HP: 38/39 MP: 3/3
  1254 | D:2      | Reached skill level 6 in Axes
  1728 | D:2      | Found a snail-covered altar of Cheibriados.
  1897 | D:2      | Slain by a gnoll

Skill      XL: |  1  2  3  4 |
---------------+-------------+-----
Axes           | 4 5 6 |  6.9
Fighting       | |  3.6
Armour         | |  2.4
Dodging        | |  2.1

Action                   |  1- 3 |  4- 6 || total
-------------------------+-------+-------++-------
Melee: Hand axe          |    68 |    46 ||   114
       Headbutt          |     7 |     8 ||    15
Throw: Stone             |       |    20 ||    20
Invok: Berserk           |     1 |     2 ||     3
 Stab: Sleeping          |       |     1 ||     1
  Eat: Chunk             |     1 |     4 ||     5
Armor: Animal skin       |     9 |     4 ||    13
Dodge: Dodged            |    43 |    17 ||    60
